 Dungeon Crawl Stone Soup version 0.31-a0-986-g5e6e4ef867 (webtiles) character file.

Game seed: 14806653365987154544

153 Xavori the Trooper (level 5, -1/40 HPs)
             Began as a Djinni Chaos Knight on Nov 5, 2023.
             Was a Plaything of Xom.
             Killed from afar by an orc wizard (9 damage)
             ... with a magic dart
             ... on level 3 of the Dungeon.
             The game lasted 00:02:25 (6194 turns).

Xavori the Trooper (Djinni Chaos Knight)            Turns: 6194, Time: 00:02:26

Health: -1/40      AC:  7    Str: 12    XL:     5   Next: 61%
Gold:   92         EV: 11    Int: 18    God:    Xom [...*..] SH:  5 Dex: 13

rFire   + + +        a - +0 falchion (chaos)
rCold   x . .        g - +1 buckler of the Game of Life {Str+2}
rNeg    . . .        b - +2 leather armour
rPois   ∞            (helmet restricted)
rElec   .            (no cloak)
rCorr   .            (no gloves)
SInv    .            (boots unavailable)
Will    +....        (no amulet)
Stlth   +            (no ring)
HPRegen 0.26/turn    (no ring)
MPRegen 0.00/turn

%: clarity, infuse magic (-2 HP)
@: flying
A: sickness immunity, fire resistance 3, cold vulnerability 1, float, innate
caster, HP casting, extra vitality 1, antennae 1, iridescent scales 1, clarity,
clever 1, strong-willed 1, mutation resistance 1, MP-powered wands
a: Renounce Religion


You were on level 3 of the Dungeon.
You worshipped Xom.
You were a favourite toy of Xom.
You visited 1 branch of the dungeon, and saw 3 of its levels.

You collected 92 gold pieces.

Inventory:

Hand Weapons
 a - a +0 falchion of chaos (weapon)
Armour
 b - a +2 leather armour (worn)
 g - the +1 buckler of the Game of Life (worn) {Str+2}
   (Xom gifted it to you on level 1 of the Dungeon)

   Str+2:     It affects your strength (+2).
Scrolls
 c - a scroll of butterflies
 d - a scroll of identify {unknown}
 e - a scroll of noise {unknown}
 f - a scroll of fear {unknown}
 k - a scroll of enchant weapon {unknown}
Potions
 h - a potion of haste {unknown}
 i - a potion of lignification {unknown}
 j - a potion of mutation {unknown}
 l - a potion of cancellation {unknown}


   Skills:
 + Level 3.5 Fighting
 + Level 3.2 Long Blades
 + Level 2.0 Armour
 + Level 3.0 Dodging
 + Level 1.2 Shields
 * Level 1.5 Spellcasting
 * Level 1.5 Conjurations
 * Level 1.5 Hexes
   Level 0.0 Charms
 * Level 1.5 Summonings
 * Level 1.5 Necromancy
 * Level 1.5 Translocations
 * Level 1.5 Transmutations
 * Level 1.5 Fire Magic
 * Level 1.5 Ice Magic
 * Level 1.5 Air Magic
 * Level 1.5 Earth Magic
 * Level 1.5 Poison Magic


You knew the following spells:

 Your Spells              Type           Power      Damage    Failure   Level
a - Magic Dart            Conj           24%        1d4       19%         1
b - Static Discharge      Conj/Air       12%        3-4/arc   28%         2
Your spell library was empty.

Dungeon Overview and Level Annotations

Branches:
Dungeon (3/15)

Altars:
Dithmenos
Xom

Shops:
D:2 *


Innate Abilities, Weirdness & Mutations

You are immune to sickness and miasma.
You are immune to poison.
Your flesh is almost immune to the effects of heat. (rF+++)
You are vulnerable to cold. (rC-)
You float through the air rather than walking.
You learn spells naturally, not from books.
Your magical power is your life essence.
You have superior vitality. (+4 MHP)
You have a pair of small antennae on your head.
You are partially covered in iridescent scales. (AC +2)
You possess an exceptional clarity of mind.
Your mind is acute. (Int +4, Str/Dex -1)
You are strong-willed. (Will+)
You are somewhat resistant to further mutation.
You expend health (3 HP) to strengthen your wands.


Message History

You hear some strange, mumbled words.
A magic dart appears from out of thin air!
The magic dart hits you.
No target in view!
You closely miss something. Something hits you but does no damage.
No target in view!
You closely miss something. Something hits you but does no damage.
No target in view!
You closely miss something. Something hits you.
You miss something. Something hits you. x2
You miss something. Something hits you but does no damage.
You barely miss something. Something hits you.
You miss something. Something hits you but does no damage.
You barely miss something.
You hear some strange, mumbled words.
A magic dart appears from out of thin air!
The magic dart hits you!
You closely miss something. Something hits you but does no damage.
You closely miss something. Something hits you. x2
* * * LOW HITPOINT WARNING * * *
You completely miss something. Something hits you.
* * * LOW HITPOINT WARNING * * *
You completely miss something. Something hits you but does no damage.
You barely miss something.
You hear some strange, mumbled words.
A puff of flame appears from out of thin air!
The puff of flame hits you. You resist.
* * * LOW HITPOINT WARNING * * *
You miss something.
An orc wizard appears from thin air!
Reactivating autopickup.
You block the orc wizard's attack.
You closely miss the orc wizard.
The orc wizard is moderately wounded.
The orc wizard barely misses you. The orc wizard closely misses you.
You barely miss the orc wizard.
The orc wizard is moderately wounded.
You block the orc wizard's attack.
The orc wizard gestures at you while chanting.
The magic dart hits you!
You die...

.## .#. #####.....# ..
..# ...........##
##.##.##>######.###.##
#.#........ ....# #...
#.....#.# #.#.###.##
##......# #.##.....#
#.###.<.....##
#.###.##..
#............# #.#
#.####
#####...@...####.###.#
# ##....o.)........#
#....#.......####
#............#
###..........#
#.########.# #.# #.#
#.# #.# #. #.#


You could see an orc wizard (agile).

Vanquished Creatures
  An orc priest (D:3)
  2 orc wizards
  An adder (D:2)
  A worm (D:2)
  3 dart slugs
  2 orcs (D:2)
  10 endoplasms
  3 giant cockroaches
  6 goblins
  2 hobgoblins (D:1)
  4 quokkas
  6 ball pythons
  3 bats (D:1)
  A frilled lizard (D:2)
  4 kobolds
  5 rats
54 creatures vanquished.

Notes
Turn   | Place    | Note
-------+----------+-------------------------------------------
     0 | D:1      | Xavori the Djinni Chaos Knight began the quest for the Orb.
     0 | D:1      | Reached XP level 1. HP: 20/20 MP: 0/0
   123 | D:1      | XOM: god gift: 4 curare-tipped darts
   170 | D:1      | Reached XP level 2. HP: 24/25 MP: 0/0
   486 | D:1      | XOM: butterfly on damage
   487 | D:1      | XOM: butterfly on damage
   489 | D:1      | Reached XP level 3. HP: 7/30 MP: 0/0
   489 | D:1      | Learned a level 1 spell: Magic Dart
   727 | D:1      | XOM: give mutation
   727 | D:1      | Gained mutation: You have a pair of small antennae on your
                  | head. [Xom's grace]
   782 | D:1      | Identified the +1 buckler of the Game of Life {Str+2} (Xom
                  | gifted it to you on level 1 of the Dungeon)
   782 | D:1      | XOM: god gift: +1 buckler of the Game of Life {Str+2}
  1074 | D:1      | XOM: give mutations
  1074 | D:1      | Gained mutation: Your flesh is almost immune to the effects
                  | of heat. (rF+++) [Xom's grace]
  1074 | D:1      | Gained mutation: You possess an exceptional clarity of
                  | mind. [Xom's grace]
  1076 | D:1      | XOM: scenery: summon butterflies
  2991 | D:1      | XOM: scenery: create altars
  4032 | D:1      | XOM: give mutation
  4032 | D:1      | Gained mutation: You are partially covered in iridescent
                  | scales. (AC +2) [Xom's grace]
  4270 | D:1      | XOM: give mutations
  4270 | D:1      | Gained mutation: You expend health (3 HP) to strengthen
                  | your wands. [Xom's grace]
  4270 | D:1      | Gained mutation: You are somewhat resistant to further
                  | mutation. [Xom's grace]
  4270 | D:1      | Gained mutation: You are strong-willed. (Will+) [Xom's
                  | grace]
  4270 | D:1      | Gained mutation: Your mind is acute. (Int +4, Str/Dex -1)
                  | [Xom's grace]
  4379 | D:2      | XOM: enchant monster (bad)
  4395 | D:2      | XOM: silly message
  4429 | D:2      | XOM: scenery: create altars
  4660 | D:2      | Reached skill level 1 in Spellcasting
  4660 | D:2      | Reached skill level 1 in Conjurations
  4660 | D:2      | Reached skill level 1 in Hexes
  4660 | D:2      | Reached skill level 1 in Summonings
  4660 | D:2      | Reached skill level 1 in Necromancy
  4660 | D:2      | Reached skill level 1 in Translocations
  4660 | D:2      | Reached skill level 1 in Transmutations
  4660 | D:2      | Reached skill level 1 in Fire Magic
  4660 | D:2      | Reached skill level 1 in Ice Magic
  4660 | D:2      | Reached skill level 1 in Air Magic
  4660 | D:2      | Reached skill level 1 in Earth Magic
  4660 | D:2      | Reached skill level 1 in Poison Magic
  4771 | D:2      | XOM: stat loss: -1 Dex (12/13)
  4786 | D:2      | Found Ennafew's General Store.
  4805 | D:2      | Found a shadowy altar of Dithmenos.
  4954 | D:2      | Reached XP level 4. HP: 25/35 MP: 0/0
  5610 | D:3      | XOM: enchant monster (bad)
  5874 | D:3      | Reached XP level 5. HP: 40/40 MP: 0/0
  5874 | D:3      | Learned a level 2 spell: Static Discharge
  5939 | D:3      | XOM: butterfly on damage
  5944 | D:3      | Reached skill level 1 in Shields
  6194 | D:3      | Killed from afar by an orc wizard

Illustrated notes

Levels and vault maps discovered:
D:1:      beargit_arrival_greenhouse, layout_basic
D:2:      layout_basic, basic_altar, serial_shops, nicolae_diamond_shop
D:3:      layout_loops_ring, serial_shops, shop, amethyst_killhole,
          serial_bayou_lagoon_a, minmay_misc_feat_hallway, uniq_natasha

Skill      XL: |  1  2  3  4  5 |
---------------+----------------+-----
Spellcasting   | 1 |  1.5
Conjurations   | 1 |  1.5
Hexes          | 1 |  1.5
Summonings     | 1 |  1.5
Necromancy     | 1 |  1.5
Translocations | 1 |  1.5
Transmutations | 1 |  1.5
Fire Magic     | 1 |  1.5
Ice Magic      | 1 |  1.5
Air Magic      | 1 |  1.5
Earth Magic    | 1 |  1.5
Poison Magic   | 1 |  1.5
Long Blades    | 3 |  3.2
Armour         | 2 |  2.0
Dodging        | 3 |  3.0
Shields        | 1 |  1.2
Fighting       | |  3.5

Action                     |  1- 3 |  4- 6 || total
---------------------------+-------+-------++-------
  Melee: Falchion          |   108 |   106 ||   214
   Cast: Magic Dart        |       |     1 ||     1
 Armour: Leather armour    |    60 |    84 ||   144
  Dodge: Dodged            |    58 |    24 ||    82
  Block: Buckler           |    15 |    23 ||    38

Table legend: (Time is in decaauts)
 A = Elapsed time spent in this place.
 B = Non-inter-level travel time spent in this place.
 C = Inter-level travel time spent in this place.
 D = Time resting spent in this place.
 E = Time spent auto-exploring this place.
 F = Levels seen in this place.
 G = Mean time per level.
                   A        B        C        D        E       F      G
               +--------+--------+--------+--------+--------+-----+--------+
         Total |   6240 |   6171 |     69 |   4068 |   1586 |   3 | 2080.0 |
       Dungeon |   6240 |   6171 |     69 |   4068 |   1586 |   3 | 2080.0 |
               +--------+--------+--------+--------+--------+-----+--------+

Top non-repeatable levels by time:
     D:1: 4281 daAuts
     D:2: 1558 daAuts
     D:3: 401 daAuts
